 Dungeon Crawl Stone Soup version 0.23.2-1-ga50397a (webtiles) character file.

Game seed: 14662233427149625196

49 Lickle the Skirmisher (level 3, -1/29 HPs)
             Began as a Demonspawn Abyssal Knight on Apr 23, 2019.
             Was a Follower of Lugonu.
             Slain by a shadow imp (3 damage)
             ... on level 2 of the Dungeon.
             The game lasted 00:04:03 (1591 turns).

Lickle the Skirmisher (Demonspawn Abyssal Knight)   Turns: 1591, Time: 00:04:07

Health: -1/29      AC:  3    Str: 13    XL:     3   Next: 51%
Magic:  5/5        EV: 11    Int: 13    God:    Lugonu [*.....]
Gold:   63         SH:  0    Dex: 12    Spells: 2/2 levels left

rFire    x . .     SeeInvis .   a - +1 hand axe
rCold    + . .     Gourm    .   (no shield)
rNeg     + . .     Faith    .   b - +0 leather armour
rPois    .         Spirit   .   (helmet restricted)
rElec    .         Reflect  .   (no cloak)
rCorr    .         Harm     .   (no gloves)
MR       .....                  (no boots)
Stlth    +.........             (no amulet)
HPRegen  0.09/turn              d - ring of positive energy
MPRegen  0.09/turn              e - ring of ice

@: lightly drained
A: antennae 1
a: Depart the Abyss, Renounce Religion


You were on level 2 of the Dungeon.
You worshipped Lugonu.
Lugonu was aware of your devotion.
You were not hungry.

You visited 1 branch of the dungeon, and saw 2 of its levels.
You visited the Abyss 1 time.

You collected 63 gold pieces.

Inventory:

Hand Weapons
 a - a +1 hand axe (weapon)
Armour
 b - a +0 leather armour (worn)
Jewellery
 d - a ring of positive energy (left hand)
 e - a ring of ice (right hand)
Scrolls
 f - a scroll of identify
Comestibles
 c - a ration


   Skills:
 * Level 3.2 Fighting
 * Level 2.2(2.1) Axes
 + Level 2.0(1.9) Armour
 + Level 1.2 Dodging
 * Level 1.2 Stealth
 * Level 3.2(3.1) Invocations


You had 2 spell levels left.
You didn't know any spells.
Your spell library was empty.

Dungeon Overview and Level Annotations

Branches:
Dungeon (2/15)

Altars:
Hepliaklqana

Annotations:
D:2 1 transporter


Innate Abilities, Weirdness & Mutations

You have a pair of small antennae on your head.


Message History

The ice beast misses you. The shadow imp barely misses you.
You closely miss the ice beast.
The ice beast is moderately wounded.
You hit the shadow imp. x2; You hit the kobold.
You kill the kobold!
Lugonu accepts your kill. The shadow imp hits you. The ice beast hits you.
The ice beast freezes you! You resist.
* * * LOW HITPOINT WARNING * * *
The shadow imp disappears for a moment.
The shadow imp closely misses you. The shadow imp completely misses you.
You aren't carrying any potions.
Okay, then.
You hit the ice beast but do no damage.
The ice beast is moderately wounded.
You closely miss the shadow imp. x2; The ice beast misses you.
The shadow imp hits you.
* * * LOW HITPOINT WARNING * * *
The shadow imp hits you.
You die...

... #....###...#.....
...###..).....©.......
........(.#########...
#......†(##8?....8##..
........(#.........#w.
#........#....©....#.#
.........#......$..#.#
.........#.)Y5....©#.#.
........)#..@5.....#.#.
#........#.........#.#.
#........#..%)$?)..#.#.# ##
.......†##8$}_.$8##.#.. .#
#######..#########..#.####(#
##.....©..........(...
#####...#.#.#........
##.##...#..÷<(...
#.........)(....


You could see an ice beast and 2 shadow imps.

Vanquished Creatures
  An adder (D:2)
  A leopard gecko (D:1)
  2 ball pythons (D:2)
  5 giant cockroaches
  3 goblins (D:1)
  2 hobgoblins (D:1)
  9 kobolds
  7 bats
  5 frilled lizards
  A rat (D:1)
36 creatures vanquished.

Notes
Turn   | Place    | Note
-------+----------+-------------------------------------------
     0 | Abyss:1  | Lickle the Demonspawn Abyssal Knight began the quest for
                  | the Orb.
     0 | Abyss:1  | Reached XP level 1. HP: 18/18 MP: 2/2
    26 | Abyss:1  | Noticed a large abomination
    30 | D:1      | Escaped the Abyss
   316 | D:1      | Reached skill level 1 in Dodging
   464 | D:1      | Gained mutation: You have a pair of small antennae on your
                  | head. [demonic ancestry]
   464 | D:1      | Reached XP level 2. HP: 24/24 MP: 3/3
   489 | D:1      | Reached * piety under Lugonu
  1126 | D:1      | Reached XP level 3. HP: 23/29 MP: 5/5
  1170 | D:2      | Reached skill level 1 in Stealth
  1358 | D:2      | Found a hazy altar of Hepliaklqana.
  1365 | D:2      | Noticed an ice beast
  1368 | D:2      | Found a transporter.
  1488 | D:2      | Found a transporter.
  1591 | D:2      | Slain by a shadow imp

Skill      XL: |  1  2  3 |
---------------+----------+-----
Dodging        | 1 |  1.2
Axes           | 2 |  2.2
Invocations    | 3 |  3.2
Stealth        | 1 |  1.2
Armour         | 2 |  2.0
Fighting       | |  3.2

Action                   || total
-------------------------++-------
Melee: Hand axe          ||   157
Invok: Depart the Abyss  ||     1
  Use: Scroll            ||     3
       Potion            ||     3
  Eat: Ration            ||     1
       Chunk             ||     1
Armor: Leather armour    ||    70
Dodge: Dodged            ||   140
